 Dungeon Crawl Stone Soup version 0.29-a0-333-gb4c28e87c6 (webtiles) character file.

Game seed: 7020151659766017439

6085 Dauddaud the Protected (level 10, -8/84 (88) HPs)
             Began as a Minotaur Berserker on Apr 13, 2022.
             Was an Elder of Trog.
             Mangled by an ice devil (33 damage)
             ... summoned by an orc sorcerer
             ... on level 10 of the Dungeon.
             The game lasted 00:49:58 (9133 turns).

Dauddaud the Protected (Minotaur Berserker)         Turns: 9133, Time: 00:49:59

HP:   -8/84 (88)    AC: 21    Str: 27    XL:     10   Next: 58%
MP:   18/18         EV:  8    Int:  4    God:    Trog [****..]
Gold: 211           SH:  9    Dex:  7    Spells: 9/9 levels left

rFire   + . .      SeeInvis +   L - +9 mace of the Squeaky God {venom, rF- rN+ Will+++ MP+9}
rCold   x . .      Faith    .   s - +0 kite shield
rNeg    + . .      Spirit   .   R - +7 chain mail of Defiance {*Slow rCorr Dex-2 SInv}
rPois   .          Reflect  .   (helmet restricted)
rElec   .          Harm     .   Q - scarf {repulsion}
rCorr   +          Rampage  .   (no gloves)
Will    +++..                   T - +1 pair of boots
Stlth   ..........              p - amulet of regeneration
HPRegen 1.04/turn               c - ring of fire
MPRegen 0.16/turn               I - ring of protection from fire

@: about to teleport, slowed, lightly drained, repel missiles, very slow
A: horns 2, retaliatory headbutt, fangs 1, screaming 1
a: Renounce Religion, Berserk, Trog's Hand, Brothers in Arms


You were on level 10 of the Dungeon.
You worshipped Trog.
Trog was greatly pleased with you.
You visited 2 branches of the dungeon, and saw 11 of its levels.

You collected 547 gold pieces.
You spent 336 gold pieces at shops.

Inventory:

Hand Weapons
 b - a +2 mace of freezing
 e - the +7 Throatcutter {drain, coup de grace}
   (You found it on level 5 of the Dungeon)

   A truly terrible weapon, it drains the life of any living foe it strikes.
   It may instantly kill foes which have little health.
 g - a +2 vorpal flail
 J - a +2 quarterstaff of chaos
 L - the +9 mace of the Squeaky God (weapon) {venom, rF- rN+ Will+++ MP+9}
   (You found it on level 5 of the Dungeon)

   It poisons the flesh of those it strikes.
   rF:        It makes you vulnerable to fire.
   rN:        It protects you from negative energy.
   MP:        It affects your magic capacity (+9).
   Will:      It greatly increases your willpower.
 O - a +1 morningstar of flaming
 S - a +6 flail of holy wrath
Missiles
 F - 17 boomerangs
 H - 3 silver boomerangs (quivered)
Armour
 s - a +0 kite shield (worn)
 Q - a scarf of repulsion (worn)
 R - the +7 chain mail of Defiance (worn) {*Slow rCorr Dex-2 SInv}
   (You found it on level 6 of the Dungeon)

   Dex:       It affects your dexterity (-2).
   SInv:      It lets you see invisible.
   rCorr:     It protects you from acid and corrosion.
   *Slow:     It may slow you when you take damage.
 T - a +1 pair of boots (worn)
Jewellery
 c - a ring of fire (left hand)
 l - a ring of ice
 p - an amulet of regeneration (around neck)
 I - a ring of protection from fire (right hand)
 V - a ring of positive energy
Wands
 u - a wand of acid (3)
 v - a wand of flame (26)
 y - a wand of iceblast (6)
 z - a wand of paralysis (6)
 Z - a wand of mindburst (4)
Scrolls
 a - a scroll of holy word
 h - a scroll of silence {unknown}
 i - 2 scrolls of identify
 k - 2 scrolls of magic mapping {unknown}
 n - a scroll of vulnerability {unknown}
 q - 3 scrolls of teleportation
 t - a scroll of brand weapon {unknown}
 U - a scroll of immolation {unknown}
 W - a scroll of fear {unknown}
 X - a scroll of blinking
Potions
 d - a potion of cancellation {unknown}
 f - a potion of invisibility
 j - 4 potions of resistance
 m - a potion of magic {unknown}
 o - 3 potions of curing
 r - a potion of haste
 w - a potion of lignification {unknown}
 x - 2 potions of attraction
 N - a potion of brilliance
 Y - 2 potions of flight


   Skills:
 + Level 7.9 Fighting
 + Level 4.5 Long Blades
 + Level 6.8(8.8) Axes
 + Level 8.5(9.6) Maces & Flails
 + Level 10.1 Armour
 + Level 4.3 Dodging
 + Level 1.4 Stealth
 + Level 8.2 Shields


You had 9 spell levels left.
You didn't know any spells.
Your spell library contained the following spells:

 Spells                   Type           Power      Damage    Failure   Level
 Magic Dart               Conj           0%         1d3       99%         1
 Searing Ray              Conj           0%         2d4       100%        2
 Fulminant Prism          Conj/Hex       0%         3d6       100%        4


Dungeon Overview and Level Annotations

Branches:
Dungeon (10/15)            Temple (1/1) D:4
   Lair: D:8-11         Orc: D:9-12

Altars:
Ashenzari
Cheibriados
Dithmenos
Elyvilon
Fedhas
Gozag
Hepliaklqana
Kikubaaqudgha
Makhleb
Nemelex Xobeh
Okawaru
Qazlal
Ru
Sif Muna
Trog
Uskayaw
Vehumet
Wu Jian
Xom
Yredelemnul
Zin
The Shining One

Shops:
D:4 !   D:6 !*:


Innate Abilities, Weirdness & Mutations

You have a pair of horns on your head.
You reflexively headbutt those who attack you in melee.
You have very sharp teeth.
You occasionally shout uncontrollably at your foes.


Message History

Found an escape hatch in the ceiling.
The howler monkey howls!
The orc sorcerer casts a spell.
Things that are here:
a +0 dagger; a +0 robe; a human corpse You hit the orc sorcerer.
The orc sorcerer is poisoned.
The orc sorcerer is lightly wounded.
A black bear comes into view.
You block the orc sorcerer's attack. The ice devil hits you.
You feel yourself slow down. The ice devil freezes you!!
You feel a terrible chill!
You closely miss the orc sorcerer.
The orc sorcerer is lightly wounded.
The black bear growls angrily.
The howler monkey hoots and howls with incredible vigour!
You block the ice devil's attack. The orc sorcerer barely misses you.
You hear a shout!
You hear a howl!
You hear an angry hiss.
Your black bear goes berserk!
The ice devil hits you. The ice devil freezes you!!
You feel a terrible chill! You block the orc sorcerer's attack.
The orc sorcerer points at you and mumbles some strange words.
The bolt of negative energy hits you! You partially resist.
You feel drained.
* * * LOW HITPOINT WARNING * * *
The ice devil hits you.
* * * LOW HITPOINT WARNING * * *
The ice devil freezes you!
You feel a terrible chill!
* * * LOW HITPOINT WARNING * * *
As you read the scroll of teleportation, it crumbles to dust.
You feel strangely unstable.
Your black bear barely misses the electric eel.
Your black bear claws the electric eel. x2; You block the ice devil's attack.
The orc sorcerer points at you and mumbles some strange words.
The bolt of negative energy hits you. You partially resist.
You feel drained.
* * * LOW HITPOINT WARNING * * *
You feel much better.
The orc sorcerer gestures wildly while chanting.
The ice devil hits you.
* * * LOW HITPOINT WARNING * * *
The ice devil freezes you!!
You feel a terrible chill!
You die...

#....#.....##
#.....#....#.....#
##.....#....#.....#
......)#.../#........
.......#....#.........
.......#....#..........
.......#....+..........
....h<.#...##..........
#.@#### ......44oh....!
....≈Sh.≈≈≈....
...≈≈##.##≈≈... ...≈#
... #≈... ...≈ ... ≈...
... .[. ... .. .".$. ..


You could see an orange demon (summoned), an ice devil (summoned), an orc
sorcerer (poisoned), a black bear, a howler monkey, an electric eel (ally
target) and a friendly black bear (summoned, berserk).

Vanquished Creatures
  A two-headed ogre (D:9)
  A centaur warrior (D:10)
  A wizard (D:10)
  Maggie (D:6)
  2 wyverns (D:8)
  A wraith (D:10)
  2 steam dragons (D:8)
  Edmund (D:6)
  2 acid dragons
  3 water moccasins
  A sky beast (D:5)
  An orc warrior (D:9)
  2 black bears
  An ice beast (D:6)
  3 centaurs
  A phantom (D:4)
  A kobold brigand (D:8)
  2 bullfrogs
  A gnoll sergeant (D:8)
  2 scorpions
  6 wights (D:8)
  6 killer bees (D:6)
  A vampire bat (D:3)
  3 howler monkeys
  4 jellies
  Crazy Yiuf (D:5)
  5 orc priests
  4 hounds
  An iguana (D:4)
  6 orc wizards
  7 gnolls
  2 adders
  3 white imps
  2 ufetubi
  9 worms
  3 dart slugs
  33 orcs
  4 ball pythons
  13 bats
  12 endoplasms
  4 giant cockroaches
  10 goblins
  6 hobgoblins
  3 quokkas
  4 frilled lizards
  8 kobolds
  8 rats
198 creatures vanquished.

Vanquished Creatures (collateral kills)
  A wight (D:8)
  A gnoll (D:8)
  2 orcs (D:9)
4 creatures vanquished.

Vanquished Creatures (others)
  A wight (D:8)
  2 kobolds (D:8)
  14 plants (D:10)
17 creatures vanquished.

Grand Total: 219 creatures vanquished

Notes
Turn   | Place    | Note
-------+----------+-------------------------------------------
     0 | D:1      | Dauddaud the Minotaur Berserker began the quest for the
                  | Orb.
     0 | D:1      | Reached XP level 1. HP: 19/19 MP: 0/0
   164 | D:1      | Reached XP level 2. HP: 24/27 MP: 1/1
   625 | D:1      | Reached XP level 3. HP: 34/34 MP: 2/2
   686 | D:1      | Reached ** piety under Trog
  1971 | D:2      | Reached XP level 4. HP: 41/41 MP: 3/3
  2900 | D:3      | Found a faded altar of an unknown god.
  3215 | D:3      | Reached skill level 5 in Axes
  3302 | D:4      | Reached XP level 5. HP: 46/47 MP: 4/4
  3303 | D:4      | Noticed a water moccasin
  3317 | D:4      | Killed a water moccasin
  3318 | D:4      | Reached skill level 5 in Fighting
  3318 | D:4      | Reached skill level 3 in Armour
  3318 | D:4      | Reached skill level 1 in Stealth
  3318 | D:4      | Reached skill level 1 in Shields
  3321 | D:4      | Reached XP level 6. HP: 4/56 MP: 5/5
  3792 | D:4      | Found Giocuun's Distillery.
  3806 | D:4      | Bought a potion of curing for 39 gold pieces
  3806 | D:4      | Bought a potion of curing for 39 gold pieces
  3859 | D:4      | Found a staircase to the Ecumenical Temple.
  3868 | D:4      | Reached skill level 4 in Armour
  4466 | Temple   | Entered the Ecumenical Temple
  4762 | D:5      | Entered Level 5 of the Dungeon
  4787 | D:5      | Noticed an acid dragon
  4795 | D:5      | Killed an acid dragon
  4796 | D:5      | Reached XP level 7. HP: 61/61 MP: 6/6
  4815 | D:5      | HP: 3/61 [worm (8)]
  4815 | D:5      | HP: 1/61 [worm (2)]
  4817 | D:5      | Gained mutation: Your flesh is cold resistant. (rC+)
                  | [potion of mutation]
  4826 | D:5      | Reached skill level 1 in Long Blades
  5056 | D:5      | Found the +7 Throatcutter {drain, coup de grace}
  5173 | D:5      | Reached *** piety under Trog
  5225 | D:5      | Found a runed translucent door.
  5226 | D:5      | Noticed Crazy Yiuf
  5374 | D:5      | Reached skill level 5 in Armour
  5604 | D:5      | Reached XP level 8. HP: 70/70 MP: 7/7
  5744 | D:5      | Killed Crazy Yiuf
  5745 | D:5      | Reached skill level 6 in Armour
  5748 | D:5      | Identified the +9 mace of the Squeaky God {venom, rF- rN+
                  | Will+++ MP+9}
  5974 | D:6      | Lost mutation: Your flesh is cold resistant. (rC+) [potion
                  | of mutation]
  5974 | D:6      | Gained mutation: You have very sharp teeth. [potion of
                  | mutation]
  5974 | D:6      | Gained mutation: You occasionally shout uncontrollably at
                  | your foes. [potion of mutation]
  6038 | D:6      | Found Cuwuneott's Distillery.
  6052 | D:6      | Reached skill level 1 in Maces & Flails
  6076 | D:6      | Bought a potion of heal wounds for 55 gold pieces
  6134 | D:6      | Identified the +3 hand axe "Newtbane" {flame, Drain rPois
                  | rC++ Stlth+}
  6139 | D:6      | Found Qaek's Book Boutique.
  6142 | D:6      | Noticed Maggie
  6158 | D:6      | Killed Maggie
  6159 | D:6      | Reached skill level 7 in Armour
  6159 | D:6      | Reached skill level 5 in Shields
  6252 | D:6      | Noticed Edmund
  6257 | D:6      | Killed Edmund
  6261 | D:6      | Reached XP level 9. HP: 78/78 MP: 8/8
  6541 | D:6      | Identified the +7 chain mail of Defiance {*Slow rCorr Dex-2
                  | SInv}
  6622 | D:6      | Reached skill level 8 in Armour
  6849 | D:6      | Reached **** piety under Trog
  6996 | D:6      | Found Doich's Assorted Antiques.
  6999 | D:6      | Bought a runed pearl ring for 145 gold pieces
  6999 | D:6      | Bought a scroll of identify for 58 gold pieces
  7833 | D:8      | Reached skill level 5 in Maces & Flails
  7833 | D:8      | Reached skill level 9 in Armour
  7982 | D:8      | Reached XP level 10. HP: 69/86 MP: 9/9
  8221 | D:8      | You fall into a shaft and drop 1 floor!
  8523 | D:9      | Found a sparkling altar of Nemelex Xobeh.
  8614 | D:9      | Noticed a two-headed ogre
  8622 | D:9      | Killed a two-headed ogre
  8972 | D:10     | Entered Level 10 of the Dungeon
  8972 | D:10     | Noticed a centaur warrior
  9008 | D:10     | Killed a centaur warrior
  9009 | D:10     | Reached skill level 10 in Armour
  9119 | D:10     | Noticed a wizard
  9126 | D:10     | Noticed an orc sorcerer
  9127 | D:10     | Killed a wizard
  9133 | D:10     | Mangled by an ice devil

Illustrated notes

Levels and vault maps discovered:
D:1:      matt_arrival_spirals, layout_loops_ring, minmay_unequal
D:2:      layout_basic, serial_co_window_serial, co_window_of_opportunity_a,
          co_window_corner_a, co_window_paths_a, co_window_of_opportunity_a,
          co_window_of_opportunity_a, co_window_paths_a, co_window_paths_a,
          co_window_unsneaky_path_a, co_window_2corner, co_window_corner_ca,
          co_window_unsneaky_path_a, co_window_4corner_b, glass_columns_a,
          glass_columns_a, glass_columns_b
D:3:      layout_loops_cross, chequers_ecumenical_altar_simple, roderic_batcave
D:4:      layout_loops_ring, minmay_temple_entry_statues_fountains,
          serial_shops, nicolae_lakefront_shop
D:5:      layout_basic, nicolae_wormholes, uniq_crazy_yiuf_cottage
D:6:      layout_basic, serial_shops, nicolae_shop_advertising_works
          [nicolae_subvault_shop_adworks], kennysheep_mini, nicolae_shop_trees,
          nicolae_figureground_pulse, uniq_maggie, uniq_edmund
D:7:      layout_rooms, dk_noncrumbling_4, grunt_decor_cap
D:8:      layout_cave_pools, serial_rivers, chequers_serial_rivers_small_b,
          chequers_serial_rivers_micro_c, chequers_serial_rivers_room_a,
          chequers_serial_rivers_large_b, kennysheep_small_square
D:9:      layout_rooms, nemelex_xobeh_ov_fountains_minmay, minmay_misc_feat_iff
D:10:     cheibrodos_wizards_tower, layout_gridville, minmay_lair_entry_grove,
          serial_bayou, serial_bayou_shore_b, serial_bayou_shore_b,
          serial_bayou_pond_a, serial_bayou_pond_a, dreamdust_princess_corridor
Temple:   mainiacjoe_temple_archimedes_tessellation

Skill      XL: |  1  2  3  4  5  6  7  8  9 10 |
---------------+-------------------------------+-----
Fighting       | 4 5 6 7 |  7.9
Axes           | 4 5 6 |  6.8
Dodging        | 3 4 |  4.3
Armour         | 3 4 5 7 9 10 | 10.1
Stealth        | 1 |  1.4
Shields        | 1 2 3 5 6 8 |  8.2
Long Blades    | 2 4 |  4.5
Maces & Flails | 3 6 8 |  8.5

Action                   |  1- 3 |  4- 6 |  7- 9 | 10-12 || total
-------------------------+-------+-------+-------+-------++-------
Melee: Hand axe          |   101 |   113 |       |       ||   214
       Headbutt          |     8 |    18 |    39 |     4 ||    69
       Punch             |     2 |       |       |       ||     2
       Falchion          |       |    16 |    18 |       ||    34
       Long sword        |       |       |    26 |       ||    26
       Mace              |       |       |   129 |    37 ||   166
       Bite              |       |       |    12 |     3 ||    15
Invok: Trog's Hand       |     2 |     2 |     2 |       ||     6
       Berserk           |     1 |     4 |     6 |     3 ||    14
       Brothers in Arms  |       |       |     1 |     2 ||     3
  Use: Potion            |       |     3 |     8 |     3 ||    14
       Scroll            |       |     1 |     6 |     4 ||    11
 Stab: Sleeping          |     1 |       |       |       ||     1
Armor: Animal skin       |    15 |       |       |       ||    15
       Ring mail         |    12 |    30 |       |       ||    42
       Plate armour      |       |    50 |    70 |       ||   120
       Chain mail        |       |       |    83 |    26 ||   109
Dodge: Dodged            |    75 |    49 |    86 |    11 ||   221
       Repelled          |       |       |     2 |       ||     2
Block: Kite shield       |       |    40 |   120 |    25 ||   185

Table legend: (Time is in decaauts)
 A = Elapsed time spent in this place.
 B = Non-inter-level travel time spent in this place.
 C = Inter-level travel time spent in this place.
 D = Time resting spent in this place.
 E = Time spent auto-exploring this place.
 F = Levels seen in this place.
 G = Mean time per level.
                   A        B        C        D        E       F      G
               +--------+--------+--------+--------+--------+-----+--------+
         Total |   9417 |   8939 |    478 |   1045 |   5921 |  11 |  856.1 |
       Dungeon |   9139 |   8700 |    439 |   1045 |   5708 |  10 |  913.9 |
        Temple |    277 |    238 |     39 |      0 |    213 |   1 |  277.0 |
               +--------+--------+--------+--------+--------+-----+--------+

Top non-repeatable levels by time:
     D:1: 1387 daAuts
     D:2: 1261 daAuts
     D:5: 1260 daAuts
     D:4: 1224 daAuts
     D:6: 1171 daAuts
     D:8: 781 daAuts
     D:7: 710 daAuts
     D:3: 686 daAuts
     D:9: 498 daAuts
  Temple: 277 daAuts
    D:10: 156 daAuts
